 Dungeon Crawl Stone Soup version 0.32-a0-40-g2adb59ae06 (webtiles) character file.

Game seed: 17628431057240273047

70 Dirtsage the Changeling (level 4, -8/29 HPs)
             Began as an Octopode Shapeshifter on Jan 24, 2024.
             Mangled by a gnoll
             ... wielding a +0 club
              (9 damage)
             ... on level 2 of the Dungeon.
             The game lasted 00:01:31 (1097 turns).

Dirtsage the Changeling (Octopode Shapeshifter)     Turns: 1097, Time: 00:01:32

Health: -8/29      AC:  1    Str: 11 (13) XL:     4   Next: 21%
Magic:  4/4        EV: 13    Int: 11 (12) God:
Gold:   30         SH:  0    Dex: 12 (13) Spells: 3/3 levels left

rFire   . .          .
                       - Unarmed
rCold   . . .        (no shield)
rNeg    . . .        (helmet currently unavailable)
rPois   .            (no amulet)
rElec   .            (no ring)
rCorr   .            (no ring)
SInv    .            (no ring)
Will    .....        (no ring)
Stlth   ++           (no ring)
HPRegen 0.24/turn    (no ring)
MPRegen 0.09/turn    (no ring)
                     (no ring)

%: no passive effects
@: beast-form
A: beast (slay +2), almost no armour, amphibious, 8 rings, camouflage 1,
gelatinous body 1, (nimble swimmer 1), tentacles
a: Begin Untransformation


You were on level 2 of the Dungeon.
You were a hulking beast.
You visited 1 branch of the dungeon, and saw 2 of its levels.

You collected 30 gold pieces.

Inventory:

Talismans
 b - a beast talisman
 c - a flux talisman
Scrolls
 e - a scroll of amnesia {unknown}
 f - a scroll of fear {unknown}
 h - a scroll of identify {unknown}
 i - a scroll of teleportation {unknown}
Potions
 a - a potion of lignification
 d - a potion of curing {unknown}
 g - a potion of degeneration


   Skills:
 + Level 1.8 Fighting
 + Level 2.5 Dodging
 + Level 3.4 Unarmed Combat
 * Level 3.8 Shapeshifting


You had 3 spell levels left.
You didn't know any spells.
Your spell library was empty.

Dungeon Overview and Level Annotations

Branches:
Dungeon (2/15)

Altars:


Innate Abilities, Weirdness & Mutations

You are a hulking beast.
Your limbs bulge with bestial killing power. (Slay +2)
You cannot wear most types of armour.
You are amphibious.
You can wear up to eight rings at the same time.
Your skin changes colour to match your surroundings (Stealth+).
Your rubbery body absorbs attacks. (AC +1, EV +1)
((You are camouflaged when in or above water. (Stealth+)))
You have tentacles for arms and can constrict up to eight enemies at once.


Message History

The hobgoblin shouts!
A gnoll comes into view. It is wielding a +0 club.
The gnoll hits you with a +0 spear.
The kobold moves out of view.
You take 5 damage, and have 19/24 hp.
MASSIVE DAMAGE!!
You bludgeon the gnoll! You grab the gnoll.
The gnoll is severely wounded.
You constrict the gnoll, but do no damage.
The gnoll barely misses you.
You tentacle-slap the gnoll. You squeeze the gnoll.
You kill the gnoll!
You have reached level 4!
You regained 4 hp, and now have 24/29 hp.
MP restored: 4 You tentacle-slap the gnoll but do no damage.
Your grab misses the gnoll. The gnoll hits you with a +0 flail!
You take 12 damage, and have 12/29 hp.
MASSIVE DAMAGE!!
You barely miss the gnoll. You grab the gnoll. You constrict the gnoll.
The gnoll hits you with a +0 flail.
* * * LOW HITPOINT WARNING * * *
You take 5 damage, and have 7/29 hp.
You tentacle-slap the gnoll.
The gnoll is moderately wounded.
You constrict the gnoll. The gnoll barely misses you.
You bludgeon the gnoll!
The gnoll is severely wounded.
You constrict the gnoll. The gnoll hits you with a +0 flail.
* * * LOW HITPOINT WARNING * * *
You take 2 damage, and have 5/29 hp.
You tentacle-slap the gnoll.
You kill the gnoll!
You tentacle-slap the gnoll. Your grab misses the gnoll.
The gnoll is moderately wounded.
The gnoll hits you with a +0 club.
* * * LOW HITPOINT WARNING * * *
You take 4 damage, and have 1/29 hp.
It was a potion of degeneration.
There was something very wrong with that liquid.
You feel weakened.
You feel dopey.
You feel clumsy. The gnoll hits you with a +0 club!
You die...

##...#####..#
#.#.####.....##.#
###.# #..# #.#.#
#.#.#.##.# #.# #..# #
#.# #.#.#.##.# #.#
#..# #.####.#.#)##.#
#.# #...
#.#....#.#.##.# #.#
#.######.#.####.#.##.#
#.# #..........#
#.#.##.# #.#
########.######.#.##.#
#.#
.....ggh........#.#
..######.########.#
#... #####


You could see a gnoll and a hobgoblin.

Vanquished Creatures
  2 gnolls (D:2)
  An adder (D:2)
  3 dart slugs
  2 endoplasms
  2 giant cockroaches (D:1)
  3 goblins
  4 hobgoblins
  4 jackals (D:2)
  A quokka (D:1)
  3 ball pythons (D:1)
  A frilled lizard (D:1)
  5 kobolds
  A rat (D:1)
32 creatures vanquished.

Notes
Turn   | Place    | Note
-------+----------+-------------------------------------------
     0 | D:1      | Dirtsage the Octopode Shapeshifter began the quest for the
                  | Orb.
     0 | D:1      | Reached XP level 1. HP: 13/13 MP: 1/1
   178 | D:1      | Reached XP level 2. HP: 18/18 MP: 2/2
   489 | D:1      | Reached XP level 3. HP: 16/23 MP: 3/3
   743 | D:1      | Found a faded altar of an unknown god.
   914 | D:2      | Identified the +4 robe "Lujibrin" {rF+ Int-4 Dex+2}
   978 | D:2      | Identified the +0 leather armour "Boalin" {Str+3}
  1090 | D:2      | Reached XP level 4. HP: 24/29 MP: 4/4
  1096 | D:2      | HP: 1/29 [gnoll/+0 club (5)]
  1097 | D:2      | Mangled by a gnoll

Illustrated notes

Levels and vault maps discovered:
D:1:      dpeg_arrival_round_a, layout_loops_cross,
          shapermc_ecumenical_altar_hornbeckon, minmay_misc_feat_roman
D:2:      layout_basic, uniq_natasha

Action                     |  1- 3 |  4- 6 || total
---------------------------+-------+-------++-------
  Melee: Unarmed           |    55 |     6 ||    61
         Constrict         |    17 |     1 ||    18
         Tentacles         |    12 |       ||    12
         Punch             |     2 |       ||     2
    Use: Potion            |       |     1 ||     1
   Stab: Sleeping          |     6 |       ||     6
         Distracted        |     1 |       ||     1
 Armour: Skin              |    14 |     5 ||    19
  Dodge: Dodged            |    29 |     1 ||    30

Table legend: (Time is in decaauts)
 A = Elapsed time spent in this place.
 B = Non-inter-level travel time spent in this place.
 C = Inter-level travel time spent in this place.
 D = Time resting spent in this place.
 E = Time spent auto-exploring this place.
 F = Levels seen in this place.
 G = Mean time per level.
                   A        B        C        D        E       F      G
               +--------+--------+--------+--------+--------+-----+--------+
         Total |   1092 |   1087 |      5 |      0 |    933 |   2 |  546.0 |
       Dungeon |   1092 |   1087 |      5 |      0 |    933 |   2 |  546.0 |
               +--------+--------+--------+--------+--------+-----+--------+

Top non-repeatable levels by time:
     D:1: 845 daAuts
     D:2: 247 daAuts
